 Dungeon Sprint DCSS version 0.26-a0-668-gd58323b419 (webtiles) character file.

Game seed: 16389533992122617613

2723 mhtbhm the Eclecticist (level 9, -8/45 HPs)
             Began as a Deep Elf Earth Elementalist on Oct 18, 2020.
             Was an Elder of Vehumet.
             Mangled by a two-headed ogre
             ... wielding a +0 dire flail
              (25 damage)
             ... in the Dungeon (Sprint III: "The Ten Rune Challenge").
             The game lasted 00:03:16 (914 turns).

mhtbhm the Eclecticist (Deep Elf Earth Elementalist) Turns: 914, Time: 00:03:17

Health: -8/45      AC:  2    Str:  5    XL:     9   Next: 40%
Magic:  7/33       EV: 15    Int: 24    God:    Vehumet [****..]
Gold:   26         SH:  0    Dex: 15    Spells: 26/44 levels left

rFire    . . .     SeeInvis +   (no weapon)
rCold    . . .     Faith    .   (no shield)
rNeg     . . .     Spirit   .   c - +0 robe
rPois    .         Reflect  .   (no helmet)
rElec    .         Harm     .   (no cloak)
rCorr    .         Rampage  .   (no gloves)
MR       +....     NoTele   +   (no boots)
Stlth    ++........             (no amulet)
HPRegen  0.15/turn              (no ring)
MPRegen  0.23/turn              (no ring)

@: no status effects
A: see invisible, magic resistance 1
a: Renounce Religion


You were in the Dungeon.
You worshipped Vehumet.
Vehumet was greatly pleased with you.
You visited 1 branch You collected 26 gold pieces.

Inventory:

Missiles
 b - 8 stones (quivered)
Armour
 c - a +0 robe (worn)
Wands
 m - a wand of polymorph (9)
Scrolls
 a - 2 scrolls of identify
 e - a scroll of immolation
 h - 4 scrolls of remove curse
 i - a scroll of blinking
 k - 2 scrolls of torment
Potions
 d - 2 potions of curing
 f - a potion of haste
 g - 2 potions of magic
 j - 3 potions of flight
 l - 4 potions of mutation
 n - a potion of might
Miscellaneous
 o - a phial of floods


   Skills:
 + Level 5.6 Dodging
 - Level 3.3 Stealth
 - Level 0.1 Unarmed Combat
 + Level 18.3 Spellcasting
 + Level 2.3 Conjurations
 + Level 2.3 Transmutations
 + Level 15.5 Earth Magic


You had 26 spell levels left.
You knew the following spells:

 Your Spells              Type           Power        Failure   Level
a - Sandblast             Erth           ######       0%          1
b - Passwall              Tmut/Erth      ######..     1%          2
c - Stone Arrow           Conj/Erth      ######       1%          3
d - Lee's Rapid Deconstr  Erth           #######...   1%          5
e - Petrify               Tmut/Erth      ######..     1%          4
f - Mephitic Cloud        Conj/Pois/Air  ####....     1%          3

Your spell library contained the following spells:

 Spells                   Type           Power        Failure   Level
 Inner Flame              Hex/Fire       ###.....     1%          3
 Magic Dart               Conj           ####         1%          1
 Conjure Flame            Conj/Fire      ####....     1%          3
 Blink                    Tloc           N/A          3%          2
 Call Imp                 Summ           ###.....     3%          2
 Slow                     Hex            ###.....     3%          2


Dungeon Overview and Level Annotations

Branches:
Dungeon (1/1)

Altars:
Cheibriados
Dithmenos
Elyvilon
Fedhas
Gozag
Hepliaklqana
Kikubaaqudgha
Makhleb
Nemelex Xobeh
Okawaru
Qazlal
Ru
Sif Muna
Trog
Uskayaw
Vehumet
Wu Jian
Xom
Yredelemnul
Zin
The Shining One
Beogh
Jiyva
Lugonu


Innate Abilities, Weirdness & Mutations

You have supernaturally acute eyesight. (SInv)
You are resistant to hostile enchantments. (MR+)


Message History

Things that are here:
a +0 giant club; a +0 giant spiked club You hit the two-headed ogre.
The two-headed ogre is moderately wounded.
The two-headed ogre misses you.
The two-headed ogre hits you with a +0 giant spiked club!!
Ouch! That really hurt!
Unknown command.
Casting: Lee's Rapid Deconstruction (safe; 1% risk of failure)
Confirm with . or Enter, or press ? or * to list all spells.
Aiming: Lee's Rapid Deconstruction (safe; 1% risk of failure)
Press: ? - help, Dir - move target cursor A rock wall.
The wall shatters!
The blast of rock fragments hits the two-headed ogre!
The two-headed ogre is heavily wounded.
The two-headed ogre closely misses you.
The two-headed ogre hits you with a +0 giant spiked club!!
Ouch! That really hurt!
You die...

### __# ._# )##
..# ..# #'#
..#+##############
..#....#.#.#....@#
..##.#))#.##.###O#
..'##.#.#.##.#.)##
..#...#..#..##..
▓▓▓▓▓▓▓▓▓▓▓▓▓▓▓▓


You could see a two-headed ogre.

Vanquished Creatures
  Erolcha (D)
  A deep elf mage (D)
  2 redbacks (D)
  A shadow (D)
  A spatial vortex (D)
  A necrophage (D)
  4 two-headed ogres (D)
  A water elemental (D)
  A jelly (D)
  A wizard (D)
  A necromancer (D)
  3 humans (D)
  A kobold demonologist (D)
  A wolf (D)
  4 rats (D)
24 creatures vanquished.

Vanquished Creatures (others)
  2 plants (D)
2 creatures vanquished.

Grand Total: 26 creatures vanquished

Notes
Turn   | Place    | Note
-------+----------+-------------------------------------------
     0 | D        | mhtbhm the Deep Elf Earth Elementalist began the quest for
                  | the Orb.
     0 | D        | Reached XP level 1. HP: 10/10 MP: 6/6
    63 | D        | Noticed a wolf
    70 | D        | Killed a wolf
    70 | D        | Reached skill level 4 in Spellcasting
    70 | D        | Reached skill level 5 in Earth Magic
    70 | D        | Reached XP level 2. HP: 3/15 MP: 1/9
   103 | D        | Reached skill level 5 in Spellcasting
   103 | D        | Reached XP level 3. HP: 19/19 MP: 0/11
   111 | D        | Learned a level 2 spell: Passwall
   115 | D        | Learned a level 3 spell: Stone Arrow
   224 | D        | Gained mutation: You are resistant to hostile enchantments.
                  | (MR+) [potion of mutation]
   224 | D        | Gained mutation: You have supernaturally acute eyesight.
                  | (SInv) [potion of mutation]
   230 | D        | Noticed a water elemental
   235 | D        | Killed a water elemental
   235 | D        | Reached skill level 7 in Spellcasting
   235 | D        | Reached XP level 4. HP: 24/24 MP: 6/15
   298 | D        | Found a radiant altar of Vehumet.
   298 | D        | Found a shimmering blue altar of Sif Muna.
   298 | D        | Found an ancient bone altar of Kikubaaqudgha.
   298 | D        | Noticed a wizard
   299 | D        | Paralysed by a wizard for 3 turns
   303 | D        | Killed a wizard
   303 | D        | Reached skill level 8 in Spellcasting
   303 | D        | Reached XP level 5. HP: 28/28 MP: 13/18
   311 | D        | Became a worshipper of Vehumet
   345 | D        | Found a basalt altar of Yredelemnul.
   345 | D        | Found a shadowy altar of Dithmenos.
   345 | D        | Found a sacrificial altar of Ru.
   345 | D        | Noticed a necrophage
   347 | D        | Reached skill level 9 in Spellcasting
   351 | D        | Killed a necrophage
   351 | D        | Reached skill level 10 in Spellcasting
   358 | D        | Learned a level 5 spell: Lee's Rapid Deconstruction
   363 | D        | Learned a level 4 spell: Petrify
   367 | D        | Learned a level 3 spell: Mephitic Cloud
   433 | D        | Found a glowing silver altar of Zin.
   433 | D        | Found a glowing golden altar of the Shining One.
   433 | D        | Found a white marble altar of Elyvilon.
   433 | D        | Noticed a deep elf mage
   435 | D        | Killed a deep elf mage
   435 | D        | Reached * piety under Vehumet
   435 | D        | Offered knowledge of Foxfire by Vehumet.
   435 | D        | Reached skill level 5 in Dodging
   435 | D        | Reached skill level 13 in Spellcasting
   435 | D        | Reached skill level 1 in Conjurations
   435 | D        | Reached XP level 6. HP: 32/32 MP: 6/24
   435 | D        | Reached XP level 7. HP: 36/36 MP: 6/26
   535 | D        | Found a hide-covered altar of Uskayaw.
   535 | D        | Found a roughly hewn altar of Beogh.
   535 | D        | Found an iron altar of Okawaru.
   535 | D        | Found a bloodstained altar of Trog.
   535 | D        | Found an ornate altar of the Wu Jian Council.
   535 | D        | Noticed a human
   535 | D        | Noticed a human
   537 | D        | Killed a human
   537 | D        | Reached skill level 14 in Spellcasting
   539 | D        | Killed a human
   678 | D        | Reached ** piety under Vehumet
   678 | D        | Offered knowledge of Freeze by Vehumet.
   678 | D        | Noticed a shadow
   680 | D        | Killed a shadow
   680 | D        | Reached skill level 15 in Spellcasting
   680 | D        | Reached XP level 8. HP: 41/41 MP: 19/29
   728 | D        | Found a blossoming altar of Fedhas.
   728 | D        | Found a stormy altar of Qazlal.
   728 | D        | Found a snail-covered altar of Cheibriados.
   728 | D        | Found a burning altar of Makhleb.
   728 | D        | Found a shimmering altar of Xom.
   729 | D        | Found a hazy altar of Hepliaklqana.
   729 | D        | Found an opulent altar of Gozag.
   729 | D        | Found a sparkling altar of Nemelex Xobeh.
   729 | D        | Found a corrupted altar of Lugonu.
   729 | D        | Found a viscous altar of Jiyva.
   803 | D        | Reached *** piety under Vehumet
   804 | D        | Reached skill level 16 in Spellcasting
   904 | D        | Noticed Erolcha
   905 | D        | Noticed a two-headed ogre
   907 | D        | Killed Erolcha
   907 | D        | Offered knowledge of Inner Flame by Vehumet.
   907 | D        | Reached skill level 17 in Spellcasting
   907 | D        | Reached XP level 9. HP: 45/45 MP: 18/32
   907 | D        | Reached skill level 15 in Earth Magic
   908 | D        | Reached **** piety under Vehumet
   910 | D        | Killed a two-headed ogre
   910 | D        | Reached skill level 18 in Spellcasting
   911 | D        | Noticed a two-headed ogre
   914 | D        | Mangled by a two-headed ogre

Illustrated notes

Levels and vault maps discovered:
D:        dungeon_sprint_mu [sprint_mu_entry_cave, sprint_mu_temple_rooms,
          sprint_mu_d1_spiders, sprint_mu_d2_genie, sprint_mu_d3_branching,
          sprint_mu_orc_legion, sprint_mu_elf_gauntlet, sprint_mu_hive_nellie,
          sprint_mu_lair_fedhas, sprint_mu_vaults_butterflies,
          sprint_mu_slime_circle, sprint_mu_swamp_cave, sprint_mu_shoals_archi,
          sprint_mu_blade_basic, sprint_mu_crypt_chambers,
          sprint_mu_tomb_spiral, sprint_mu_vestibule_basic,
          sprint_mu_gehenna_hellfire, sprint_mu_dis_giant,
          sprint_mu_tartarus_statrot, sprint_mu_cocytus_islands, sprint_mu_zot1]

Skill      XL: |  1  2  3  4  5  6  7  8  9 |
---------------+----------------------------+-----
Earth Magic    | 5 6 7 8 12 13 14 15 | 15.5
Dodging        | 3 4 5 |  5.6
Stealth        | 3 |  3.3
Spellcasting   | 4 5 7 8 13 15 17 18 | 18.3
Conjurations   | 1 2 |  2.3
Transmutations | 2 |  2.3
Unarmed Combat | |  0.1

Action                   |  1- 3 |  4- 6 |  7- 9 || total
-------------------------+-------+-------+-------++-------
Melee: Unarmed           |     5 |       |     1 ||     6
 Cast: Sandblast         |    17 |     5 |       ||    22
       Stone Arrow       |       |     5 |       ||     5
       Lee's Rapid Decon |       |     1 |    21 ||    22
  Use: Potion            |     4 |       |       ||     4
       Scroll            |       |       |     2 ||     2
Armor: Robe              |     1 |       |       ||     1
Dodge: Dodged            |    15 |     2 |     4 ||    21

Table legend: (Time is in decaauts)
 A = Elapsed time spent in this place.
 B = Non-inter-level travel time spent in this place.
 C = Inter-level travel time spent in this place.
 D = Time resting spent in this place.
 E = Time spent auto-exploring this place.
 F = Levels seen in this place.
 G = Mean time per level.
                   A        B        C        D        E       F      G
               +--------+--------+--------+--------+--------+-----+--------+
         Total |    923 |    923 |      0 |    521 |    114 |   1 |  923.0 |
       Dungeon |    923 |    923 |      0 |    521 |    114 |   1 |  923.0 |
               +--------+--------+--------+--------+--------+-----+--------+

Top non-repeatable levels by time:
       D: 923 daAuts
